Map: Hardwire LE

Players

PiG - Winner!

  • Race: Terran Terran
  • League: Grandmaster
  • Spawn Location: 7:00

Insurgent

  • Race: Protoss Protoss
  • League: Grandmaster
  • Spawn Location: 1:00

VOD

https://www.youtube.com/watch?v=J2pIZNCtIis

Description

Time

  • Played on: July 12, 2022, 9:03 p.m.
  • Length: 8:47
Show
View Real Time Build Order
Export as new Build Order

PiG Terran - Winner!

Build Orders:  

Get SALT Encoding   

  12  0:00  SCV  
  13  0:12  SCV  
  14  0:17  Supply Depot  
  14  0:24  SCV  
  15  0:38  SCV  
  15  0:39  Barracks  
  16  0:44  Refinery  
  16  0:51  SCV  
  17  1:03  SCV  
  18  1:15  SCV  
  19  1:26  Marine  
  19  1:27  Orbital Command  
  20  1:44  Command Center  
  20  1:54  SCV  
  20  1:58  Factory  
  21  2:04  Barracks Reactor  
  21  2:06  SCV  
  22  2:11  Supply Depot  
  22  2:15  Refinery  
  22  2:19  SCV  
  23  2:32  SCV  
  24  2:39  Marine x2  
  24  2:43  Factory Tech Lab  
  26  2:46  SCV  
  26  2:49  Barracks  
  27  2:58  Orbital Command, SCV  
  28  3:04  Cyclone  
  31  3:08  Marine x2  
  31  3:11  SCV  
  34  3:23  SCV  
  34  3:29  SCV  
  34  3:31  Marine x2  
  36  3:35  SCV  
  36  3:37  Siege Tank  
  40  3:43  SCV  
  40  3:46  Barracks Tech Lab  
  40  3:47  SCV  
  40  3:48  Supply Depot  
  42  3:51  Marine  
  42  3:52  Marine  
  42  3:55  SCV  
  45  3:59  SCV  
  47  4:10  SCV  
  47  4:16  Supply Depot, Marine x3  
  50  4:17  Siege Tank  
  50  4:18  Combat Shield  
  50  4:22  Supply Depot  
  50  4:23  SCV  
  54  4:30  Starport  
  54  4:33  Barracks  
  54  4:37  Marine  
  54  4:38  SCV  
  56  4:43  SCV, Supply Depot  
  57  4:46  Engineering Bay  
  57  4:47  Marine x2  
  57  4:50  SCV  
  60  4:55  Marine  
  60  4:57  SCV  
  62  5:05  Marine x2  
  64  5:07  SCV  
  64  5:09  SCV  
  64  5:10  Refinery  
  64  5:12  Medivac  
  64  5:13  Marine  
  69  5:17  Supply Depot  
  69  5:20  Siege Tank  
  72  5:23  Marine x2  
  72  5:26  Barracks Reactor  
  72  5:28  SCV  
  75  5:29  Terran Infantry Weapons Level 1  
  75  5:32  Supply Depot  
  75  5:34  SCV, Supply Depot  
  76  5:40  SCV  
  77  5:47  SCV, Marine x2  
  77  5:48  Supply Depot  
  80  5:50  Marine  
  80  5:54  Stimpack  
  80  5:56  Siege Tank  
  84  6:04  Supply Depot  
  84  6:05  Marine x2  
  84  6:06  Supply Depot, Marine  
  84  6:08  Marine, Medivac  
  84  6:09  Marine  
  91  6:13  Barracks  
  91  6:15  Barracks  
  91  6:23  Marine x2  
  91  6:24  Marine  
  94  6:26  Marine  
  94  6:27  Marine  
  94  6:28  Siege Tank  
  99  6:41  Marine x2  
  99  6:42  Marine  
  99  6:43  Marine  
  99  6:45  Marine  
  104  6:53  Medivac  
  106  6:58  Marine, Supply Depot x2  
  106  6:59  Marine  
  106  7:00  Siege Tank, Marine  
  112  7:01  Marine  
  112  7:03  Marine  
  112  7:07  Marine  
  115  7:10  Marine  
  115  7:16  Marine x2  
  115  7:18  Marine  
  115  7:19  Marine  
  115  7:21  Marine  
  120  7:24  Marine  
  120  7:27  Marine  
  122  7:32  Siege Tank  
  122  7:34  Marine x2  
  122  7:35  Marine  
  128  7:37  Marine  
  128  7:38  Marine  
  128  7:39  Medivac  
  128  7:41  Supply Depot x2  
  128  7:42  Marine  
  133  7:45  Marine  
  134  7:52  Marine x2  
  134  7:53  Marine  
  134  7:57  Marine x2  
  121  8:00  Marine  
  121  8:03  Marine  
  121  8:04  Siege Tank  
  106  8:09  Medivac  
  106  8:10  Marine x2  
  106  8:11  Marine  
  101  8:15  Marine x2  
  101  8:18  Marine  
  102  8:21  Marine  
  99  8:27  Marine  
  99  8:28  Marine  
  99  8:29  Marine  
Show
View Real Time Build Order
Export as new Build Order

Insurgent Protoss 

Build Orders: 1 Gate Expand, Blink Stalkers, Zealot Archon 

Get SALT Encoding   

  12  0:00  Probe  
  13  0:12  Probe  
  14  0:18  Pylon  
  14  0:24  Probe (Chrono Boost)  
  15  0:38  Probe (Chrono Boost), Gateway  
  16  0:43  Probe (Chrono Boost)  
  16  0:48  Assimilator  
  17  0:53  Probe  
  18  1:05  Probe  
  19  1:17  Probe  
  20  1:26  Cybernetics Core  
  20  1:34  Nexus  
  20  1:42  Pylon  
  20  1:47  Assimilator  
  20  1:50  Probe  
  21  2:00  Adept (Chrono Boost)  
  21  2:02  Probe  
  21  2:04  Warp Gate  
  24  2:14  Probe  
  25  2:19  Twilight Council  
  25  2:26  Probe  
  25  2:28  Stalker (Chrono Boost)  
  28  2:40  Probe (Chrono Boost)  
  29  2:47  Probe (Chrono Boost)  
  31  2:55  Blink  
  31  2:56  Probe (Chrono Boost)  
  31  2:57  Probe (Chrono Boost)  
  32  3:01  Probe (Chrono Boost)  
  32  3:02  Probe  
  34  3:11  Gateway  
  34  3:13  Probe  
  34  3:15  Probe  
  36  3:25  Probe, Robotics Facility  
  38  3:27  Probe (Chrono Boost)  
  38  3:31  Gateway  
  36  3:39  Probe (Chrono Boost)  
  36  3:41  Pylon  
  38  3:43  Probe (Chrono Boost)  
  38  3:47  Probe (Chrono Boost)  
  39  3:50  Probe (Chrono Boost)  
  39  3:52  Stalker  
  39  3:53  Probe  
  43  3:57  Pylon  
  43  3:58  Assimilator  
  43  4:01  Probe  
  44  4:05  Probe  
  44  4:07  Stalker  
  47  4:13  Observer (Chrono Boost), Probe  
  47  4:14  Assimilator  
  49  4:17  Probe  
  49  4:18  Stalker  
  52  4:25  Observer (Chrono Boost), Probe  
  52  4:26  Stalker  
  52  4:30  Pylon  
  56  4:32  Probe  
  56  4:38  Probe  
  58  4:43  Stalker x2  
  62  4:50  Nexus  
  62  4:56  Charge (Chrono Boost)  
  62  4:58  Pylon  
  62  5:05  Forge  
  62  5:10  Stalker x2  
  66  5:14  Stalker  
  66  5:21  Probe x2  
  70  5:27  Gateway  
  70  5:29  Gateway  
  70  5:31  Gateway  
  70  5:34  Probe, Protoss Ground Armor Level 1 (Chrono Boost)  
  70  5:35  Probe  
  72  5:40  Pylon  
  72  5:48  Zealot x2  
  76  5:52  Zealot  
  78  6:00  Gateway  
  78  6:02  Gateway  
  78  6:03  Probe  
  79  6:05  Probe  
  79  6:07  Probe  
  81  6:12  Zealot  
  81  6:13  Zealot  
  81  6:17  Pylon, Probe  
  86  6:18  Probe  
  86  6:20  Probe  
  86  6:25  Zealot x2  
  92  6:29  Probe  
  92  6:30  Probe  
  92  6:32  Pylon, Probe  
  95  6:36  Pylon  
  95  6:40  Zealot x2  
  95  6:46  Zealot x2  
  103  6:51  Probe  
  103  6:53  Pylon  
  104  6:55  Templar Archives  
  104  6:57  Zealot x2  
  104  7:00  Observer  
  108  7:02  Probe x2  
  108  7:03  Probe  
  108  7:06  Zealot x2  
  115  7:13  Observer, Zealot x2  
  115  7:14  Zealot x2  
  123  7:19  Pylon  
  126  7:28  Zealot x4  
  131  7:34  Pylon  
  131  7:35  Pylon  
  131  7:38  High Templar  
  131  7:39  High Templar x3  
  131  7:43  Archon x2  
  139  7:54  Zealot x4  
  65  8:13  Stalker x4  
  65  8:14  Stalker x4  
  51  8:36  Zealot  
  51  8:37  Zealot x7  
Tags
 
Add a new tag
Caveats
  • Supply blocks, unpowered buildings, or Contaminate may cause inaccurate times.
  • Supply counts are checked every 10 seconds.